 Dungeon Crawl Stone Soup version 0.22.1-1-ga44c0e56f4 (webtiles) character file.

25 Ivernyr the Ogre Mage (level 3, -8/33 HPs)
             Began as an Ogre Wizard on Oct 12, 2018.
             Mangled by an ogre
             ... wielding a +0 giant club
              (22 damage)
             ... on level 2 of the Dungeon.
             The game lasted 00:11:38 (1672 turns).

Ivernyr the Ogre Mage (Ogre Wizard)                 Turns: 1672, Time: 00:11:38

Health: -8/33      AC:  3    Str: 11    XL:     3   Next: 4%
Magic:  6/8        EV: 10    Int: 20    God:
Gold:   61         SH:  0    Dex:  7    Spells: 4/10 levels left

rFire    . . .     SeeInvis .   j - +0 falchion
rCold    . . .     Gourm    .   (no shield)
rNeg     . . .     Faith    .   a - +0 robe
rPois    .         Spirit   .   b - +0 hat
rElec    .         Reflect  .   (no cloak)
rCorr    .         Harm     .   (gloves unavailable)
MR       .....                  (boots unavailable)
Stlth    +.........             (no amulet)
HPRegen  0.11/turn              (no ring)
MPRegen  0.11/turn              (no ring)

@: no status effects
A: large, unfitting armour, tough skin 1
a: no special abilities


You were on level 2 of the Dungeon.
You were not hungry.

You visited 1 branch of the dungeon, and saw 2 of its levels.

You collected 61 gold pieces.

Inventory:

Hand Weapons
 j - a +0 falchion (weapon)
Armour
 a - a +0 robe (worn)
 b - a +0 hat (worn)
Scrolls
 e - a scroll of remove curse {unknown}
 g - 4 scrolls of teleportation {unknown}
Potions
 c - a potion of agility {unknown}
 f - a potion of curing {unknown}
 h - a potion of flight {unknown}
 i - a potion of lignification {unknown}
Comestibles
 d - 7 rations


   Skills:
 + Level 1.3 Fighting
 - Level 1.7 Dodging
 - Level 1.4 Stealth
 * Level 4.1 Spellcasting
 * Level 1.7 Conjurations
   Level 0.8 Summonings
 - Level 0.8 Translocations


You had 4 spell levels left.
You knew the following spells:

 Your Spells              Type           Power        Failure   Level  Hunger
a - Magic Dart            Conj           ##..         6%          1    None
b - Blink                 Tloc           N/A          14%         2    #......
c - Conjure Flame         Conj/Fire      #.......     26%         3    ###....

Your spell library contained the following spells:

 Spells                   Type           Power        Failure   Level  Hunger
 Call Imp                 Summ           #.......     14%         2    #......
 Slow                     Hex            #.......     19%         2    #......
 Mephitic Cloud           Conj/Pois/Air  #.......     30%         3    ###....


Dungeon Overview and Level Annotations

Branches:
Dungeon (2/15)

Altars:


Innate Abilities, Weirdness & Mutations

You are too large for most types of armour.
You have tough skin. (AC +1)


Message History

You finish memorising.
Spell assigned to 'c'.
The bat hits you but does no damage. The jackal bites you.
The bat hits you but does no damage. The bat closely misses you.
The jackal completely misses you.
You riposte.
You closely miss the jackal. The bat barely misses you.
You riposte.
You closely miss the bat. The bat hits you but does no damage.
The bat hits you but does no damage. The bat barely misses you.
The jackal barely misses you.
You riposte.
You hit the jackal but do no damage. The bat hits you but does no damage.
The jackal closely misses you.
You closely miss the bat. The bat hits you but does no damage.
The jackal bites you but does no damage.
The ogre hits you with a giant club!
Ouch! That really hurt!
You barely miss the ogre. The jackal bites you. The jackal barely misses you.
You riposte.
You hit the jackal but do no damage. The ogre hits you with a giant club!!
Ouch! That really hurt!
You die...

..#.....#.########.#w#
#)#.#........#.#......#.#.#
###.#..#.#............#.#.#
.....................#.#.#
#.#..#.#...#.....##.#.#.#
...........##.#####.#.#.#
#..#...#.#........#.#.#
###.#..........O#######.#.#
...............h@........>#
###.#....#####..#######.###
#..$.%.# #..#.........#
#..8...# #..#.......#.#
#.8_8..# #..#########.#
#..8..## #............#
#.!...# #..###########
#.#...# #.## #####.##


You could see an ogre and a jackal.

Vanquished Creatures
  A worm (D:2)
  2 dart slugs (D:1)
  A leopard gecko (D:2)
  2 bats
  A giant cockroach (D:1)
  2 goblins (D:1)
  A hobgoblin (D:1)
  2 frilled lizards
  3 kobolds (D:1)
  4 rats (D:1)
19 creatures vanquished.

Notes
Turn   | Place    | Note
-------+----------+-------------------------------------------
     0 | D:1      | Ivernyr the Ogre Wizard began the quest for the Orb.
     0 | D:1      | Reached XP level 1. HP: 16/16 MP: 5/5
    53 | D:1      | Reached skill level 1 in Conjurations
   333 | D:1      | Reached XP level 2. HP: 26/26 MP: 4/6
   359 | D:1      | Learned a level 2 spell: Blink
   564 | D:1      | Reached skill level 1 in Fighting
   564 | D:1      | Reached skill level 4 in Spellcasting
  1142 | D:2      | Noticed an ogre
  1344 | D:2      | HP: 1/27 [worm (11)]
  1652 | D:2      | Found a faded altar of an unknown god.
  1657 | D:2      | Reached XP level 3. HP: 33/33 MP: 5/8
  1662 | D:2      | Learned a level 3 spell: Conjure Flame
  1672 | D:2      | Mangled by an ogre

Skill      XL: |  1  2 |
---------------+-------+-----
Conjurations   | 1 |  1.7
Fighting       | 1 |  1.3
Spellcasting   | 4 |  4.1
Dodging        | |  1.7
Stealth        | |  1.4
Summonings     | |  0.8
Translocations | |  0.8

Action                   || total
-------------------------++-------
Melee: Unarmed           ||    43
       Falchion          ||     8
 Cast: Magic Dart        ||    61
  Eat: Chunk             ||     2
Armor: Robe              ||    14
Dodge: Dodged            ||    30
       Rpst.: Falchion   ||     6
